 Dungeon Crawl Stone Soup version 0.30-a0-568-g124715a40b (webtiles) character file.

Game seed: 8810350179655346304

49 IdlyInterested the Grave Robber (level 3, -4/27 HPs)
             Began as a Demonspawn Wanderer on Dec 28, 2022.
             Slain by a gnoll
             ... wielding a +0 flail
              (7 damage)
             ... on level 2 of the Dungeon.
             The game lasted 00:05:30 (1310 turns).

IdlyInterested the Grave Robber (DsWn)              Turns: 1310, Time: 00:05:30

Health: -4/27      AC:  2    Str:  9    XL:     3   Next: 51%
Magic:  3/4        EV: 11    Int: 15    God:
Gold:   15         SH:  0    Dex: 15    Spells: 0/4 levels left

rFire   . . .      SeeInvis .    m - +2 short sword (venom)
rCold   . . .      Faith    .    (no shield)
rNeg    . . .      Spirit   .    c - +0 robe
rPois   .          Reflect  .    (no helmet)
rElec   .          Harm     .    (no cloak)
rCorr   .          Rampage  .    (no gloves)
Will    .....                    (no boots)
Stlth   ++                       (no amulet)
HPRegen 0.24/turn                (no ring)
MPRegen 0.09/turn                (no ring)

@: no status effects
A: powered by pain 1, demonic magic 1
a: no special abilities


You were on level 2 of the Dungeon.
You visited 1 branch of the dungeon, and saw 2 of its levels.

You collected 15 gold pieces.

Inventory:

Hand Weapons
 a - a +1 falchion
 g - a +0 dagger
 m - a +2 short sword of venom (weapon)
Missiles
 f - 16 stones
 j - 3 boomerangs
 k - 5 curare-tipped darts
Armour
 c - a +0 robe (worn)
Scrolls
 b - a scroll of fear
 d - a scroll of vulnerability {unknown}
 h - 2 scrolls of identify {unknown}
 i - a scroll of magic mapping {unknown}
 l - a scroll of teleportation {unknown}
 n - a scroll of summoning {unknown}
Potions
 e - 2 potions of brilliance {unknown}
 o - 2 potions of curing {unknown}


   Skills:
 - Level 2.0 Fighting
 * Level 1.4 Long Blades
 * Level 0.6 Armour
 - Level 1.0 Dodging
 - Level 1.0 Stealth
 - Level 1.1 Spellcasting
 + Level 6.2 Necromancy


You couldn't memorise any spells.
You knew the following spells:

 Your Spells              Type           Power      Damage    Failure   Level
a - Necrotise             Necr           76%        1d7       1%          1
b - Vampiric Draining     Necr           19%        2d7       5%          3

Your spell library contained the following spells:

 Spells                   Type           Power      Damage    Failure   Level
 Kiss of Death            Conj/Necr      40%        2d8       7%          1


Dungeon Overview and Level Annotations

Branches:
Dungeon (2/15)

Altars:


Innate Abilities, Weirdness & Mutations

You sometimes gain a little power by taking damage.
Spells you cast may paralyse adjacent enemies.


Message History

You hear a shout!
The gnoll barely misses you.
The kobold throws a stone.
The stone misses you.
The gnoll hits you from afar with a +0 halberd.
Aiming: Necrotise (safe; 1% risk of failure)
Press: ? - help, Q - select action, (/) - cycle Shift-Dir - straight line, f/p - gnoll
Aim: a gnoll, wielding a +0 halberd (moderately wounded, chance to affect: 84%)
The gnoll writhes in agony.
Malevolent energies surge around you.
The gnoll suddenly stops moving!
The kobold throws a stone.
The stone misses you. The gnoll barely misses you.
The helpless gnoll fails to defend itself.
You hit the gnoll.
The gnoll is poisoned.
The gnoll is almost dead.
You kill the gnoll!
The gnoll hits you from afar with a +0 halberd!
You focus on the pain.
You feel your power returning.
Aiming: Necrotise (safe; 1% risk of failure)
Press: ? - help, Q - select action, (/) - cycle Shift-Dir - straight line, f - gnoll
Aim: a gnoll, wielding a +0 halberd (chance to affect: 84%)
The gnoll writhes in agony.
Malevolent energies surge around you.
The kobold suddenly stops moving!
A kobold comes into view.
It is wielding a +2 dagger of electrocution.
The gnoll barely misses you.
Aiming: Necrotise (safe; 1% risk of failure)
Press: ? - help, Q - select action, (/) - cycle Shift-Dir - straight line, f/p - gnoll
Aim: a gnoll, wielding a +0 halberd (moderately wounded, chance to affect: 84%)
The gnoll barely resists.
Malevolent energies surge around you. The gnoll barely misses you.
The gnoll hits you from afar with a +0 halberd!
* * * LOW HITPOINT WARNING * * *
You focus on the pain.
You feel your power returning.
The helpless kobold fails to defend itself.
You hit the kobold.
You kill the kobold!
The gnoll barely misses you. The gnoll closely misses you.
Aiming: Necrotise (safe; 1% risk of failure)
Press: ? - help, Q - select action, (/) - cycle Shift-Dir - straight line, f/p - gnoll
Aim: a gnoll, wielding a +0 halberd (moderately wounded, chance to affect: 84%)
The gnoll barely resists.
Malevolent energies surge around you. The gnoll hits you with a +0 flail!
You die...

#.# #######.#
........####
#.........#
#.........#
#....g....#
##.........#
......)@...#
......)g...#
##.......K.#
#.!.......#
#..........#
#..............
#.#####........
#. #........
+.. .....


You could see 2 gnolls and a kobold.

Vanquished Creatures
  A gnoll (D:2)
  A dart slug (D:1)
  3 ball pythons (D:1)
  4 bats (D:1)
  4 endoplasms (D:1)
  A giant cockroach (D:1)
  A hobgoblin (D:1)
  4 quokkas (D:1)
  A frilled lizard (D:1)
  3 goblins (D:1)
  6 kobolds
  4 rats (D:1)
33 creatures vanquished.

Vanquished Creatures (collateral kills)
  A goblin (D:1)
1 creature vanquished.

Grand Total: 34 creatures vanquished

Notes
Turn   | Place    | Note
-------+----------+-------------------------------------------
     0 | D:1      | IdlyInterested the Demonspawn Wanderer began the quest for
                  | the Orb.
     0 | D:1      | IdlyInterested set off with the following items: a +1
                  | falchion, a scroll of fear, a +0 robe; and the following
                  | spells available to memorise: Necrotise, Kiss of Death,
                  | Vampiric Draining.
     0 | D:1      | Reached XP level 1. HP: 16/16 MP: 2/2
    10 | D:1      | Learned a level 1 spell: Necrotise
   110 | D:1      | Gained mutation: Spells you cast may paralyse adjacent
                  | enemies. [demonic ancestry]
   110 | D:1      | Reached XP level 2. HP: 18/22 MP: 0/3
   409 | D:1      | Reached skill level 1 in Stealth
   630 | D:1      | Reached skill level 6 in Necromancy
   736 | D:1      | Gained mutation: You sometimes gain a little power by
                  | taking damage. [demonic ancestry]
   736 | D:1      | Reached XP level 3. HP: 27/27 MP: 1/4
  1116 | D:1      | Learned a level 3 spell: Vampiric Draining
  1310 | D:2      | Slain by a gnoll

Illustrated notes

Levels and vault maps discovered:
D:1:      onia_arrival_handbag, layout_basic, roderic_roman_lattice
D:2:      layout_basic, minmay_misc_feat_room, uniq_terence

Skill      XL: |  1  2 |
---------------+-------+-----
Stealth        | 1 |  1.0
Necromancy     | 6 |  6.2
Fighting       | |  2.0
Long Blades    | |  1.4
Armour         | |  0.6
Dodging        | |  1.0
Spellcasting   | |  1.1

Action                   || total
-------------------------++-------
Melee: Falchion          ||    16
       Short sword       ||     7
 Cast: Necrotise         ||    49
 Stab: Sleeping          ||     1
       Paralysed         ||     3
Armor: Robe              ||     8
Dodge: Dodged            ||    27

Table legend: (Time is in decaauts)
 A = Elapsed time spent in this place.
 B = Non-inter-level travel time spent in this place.
 C = Inter-level travel time spent in this place.
 D = Time resting spent in this place.
 E = Time spent auto-exploring this place.
 F = Levels seen in this place.
 G = Mean time per level.
                   A        B        C        D        E       F      G
               +--------+--------+--------+--------+--------+-----+--------+
         Total |   1313 |   1132 |    181 |     18 |    880 |   2 |  656.5 |
       Dungeon |   1313 |   1132 |    181 |     18 |    880 |   2 |  656.5 |
               +--------+--------+--------+--------+--------+-----+--------+

Top non-repeatable levels by time:
     D:1: 1301 daAuts
     D:2: 11 daAuts
